 Dungeon Crawl Stone Soup version 0.30-a0-629-gd54f4be4f7 (webtiles) character file.

Game seed: 12387557330961074395

130 bande the Trooper (level 5, -1/33 HPs)
             Began as a Gargoyle Fighter on Jan 13, 2023.
             Slain by a kobold
             ... wielding a +1 whip of distortion
              (6 damage)
             ... on level 3 of the Dungeon.
             The game lasted 00:03:48 (2211 turns).

bande the Trooper (Gargoyle Fighter)                Turns: 2211, Time: 00:03:49

Health: -1/33      AC: 21    Str: 19    XL:     5   Next: 14%
Magic:  5/5        EV:  1    Int:  9    God:
Gold:   71         SH:  4    Dex: 11    Spells: 4/4 levels left

rFire   . . .      SeeInvis .    a - +1 war axe
rCold   . . .      Faith    .    c - +0 buckler
rNeg    + . .      Spirit   .    g - +0 crystal plate armour
rPois   ∞          Reflect  .    m - +0 helmet
rElec   +          Harm     .    (no cloak)
rCorr   .          Rampage  .    (no gloves)
Will    .....                    (no boots) Stlth
                                 (no amulet)
HPRegen 0.25/turn                (no ring)
MPRegen 0.09/turn                (no ring)

@: no status effects
A: sickness immunity, AC +4, negative energy resistance 1, electricity
resistance, torment resistance 1, petrification resistance
a: no special abilities


You were on level 3 of the Dungeon.
You visited 1 branch of the dungeon, and saw 3 of its levels.

You collected 71 gold pieces.

Inventory:

Hand Weapons
 a - a +1 war axe (weapon)
Armour
 c - a +0 buckler (worn)
 g - a +0 crystal plate armour (worn)
 m - a +0 helmet (worn)
Scrolls
 b - 2 scrolls of enchant weapon
 e - 2 scrolls of identify
 l - 2 scrolls of fog
Potions
 d - a potion of might
 h - 3 potions of curing
 k - a potion of cancellation


   Skills:
 + Level 4.0 Fighting
 + Level 3.6 Axes
 + Level 3.7 Armour
 + Level 3.8 Shields


You had 4 spell levels left.
You didn't know any spells.
Your spell library contained the following spells:

 Spells                   Type           Power      Damage    Failure   Level
 Kiss of Death            Conj/Necr      0%         2d5       100%        1
 Confusing Touch          Hex            0%         N/A       100%        3
 Dispel Undead            Necr           0%         3d6       100%        4
 Manifold Assault         Tloc           0%         N/A       100%        4
 Dispersal                Tloc           0%         N/A       100%        6
 Disjunction              Tloc           0%         N/A       100%        8


Dungeon Overview and Level Annotations

Branches:
Dungeon (3/15)

Altars:
Nemelex Xobeh

Annotations:
D:3 CraigOfTheCreek's ghost, weakling GnBe


Innate Abilities, Weirdness & Mutations

You are immune to sickness and miasma.
Your stone body is resilient. (AC +4)
You are immune to poison.
You resist negative energy. (rN+)
You are resistant to electric shocks. (rElec)
You are resistant to unholy torment.
You are immune to petrification.


Message History

The kobold shouts! x2; The kobold brigand shouts!
The kobold shouts! x2
CraigOfTheCreek's ghost turns its malevolent gaze towards you.
The kobold shouts!
Done exploring.
Done exploring.
As you open the gate, it creaks loudly! The kobold attacks as you move away!
The kobold hits you but does no damage. The kobold attacks as you move away!
The kobold hits you with a +0 dagger. The kobold attacks as you move away!
The kobold hits you but does no damage. The kobold attacks as you move away!
You block the kobold's attack. The kobold attacks as you move away!
The kobold hits you but does no damage. Space warps horribly around you!
The kobold attacks as you move away! The kobold completely misses you.
The kobold attacks as you move away!
The kobold hits you with a +1 whip of distortion.
Space warps around you. The kobold attacks as you move away!
The kobold hits you but does no damage. The kobold attacks as you move away!
The kobold hits you but does no damage. The kobold attacks as you move away!
The kobold hits you but does no damage. The kobold attacks as you move away!
The kobold hits you but does no damage. The kobold attacks as you move away!
The kobold hits you with a +1 whip of distortion.
Space warps around you. The kobold attacks as you move away!
The kobold hits you but does no damage. Space warps around you.
The kobold attacks as you move away! The kobold hits you but does no damage.
Space warps around you.
* * * LOW HITPOINT WARNING * * *
CraigOfTheCreek's ghost whispers, "Meet the emptiness of death!"
The kobold attacks as you move away! You block the kobold's attack.
The kobold attacks as you move away! The kobold completely misses you.
The kobold attacks as you move away!
The kobold hits you with a +1 whip of distortion.
* * * LOW HITPOINT WARNING * * *
Space warps around you.
* * * LOW HITPOINT WARNING * * *
The kobold attacks as you move away! The kobold hits you but does no damage.
Space warps around you.
You die...

#.....###.........####.........#.
#...#.# ##..............##.###.#.
...##.# ##......#####..##.# #.#.
.####.# ##...#.# #...†...# #.#.
<.....# ##'##.# #.#..#### #.#.
.##.### #.##.# #.#..######...
.##.## #.##<###.#......##.##
.##..# ##.##...............#
.###'### ##...#@....#####.....##
.#.....####..>.K.#####...#####...
.#.=♣..#......K..'....._.....'.##
.#.♣♣♣.######.#..#####...#####.#
.#..♣..# #K#......#####.....#
##.....# #.#............###.#
.####### #K#####...###### #.## ##
#W# ##### #... #.# ####


You could see 3 kobolds.

Vanquished Creatures
  Jessica (D:2)
  Robin (D:3)
  An adder (D:2)
  4 dart slugs
  5 orcs (D:3)
  A bat (D:1)
  10 endoplasms
  A giant cockroach (D:2)
  11 goblins
  6 hobgoblins
  4 jackals (D:1)
  3 kobolds
  4 quokkas
  2 ball pythons
  A frilled lizard (D:3)
  6 rats
61 creatures vanquished.

Notes
Turn   | Place    | Note
-------+----------+-------------------------------------------
     0 | D:1      | bande the Gargoyle Fighter began the quest for the Orb.
     0 | D:1      | Reached XP level 1. HP: 14/14 MP: 1/1
    79 | D:1      | Reached XP level 2. HP: 19/19 MP: 2/2
   281 | D:1      | Reached XP level 3. HP: 24/24 MP: 3/3
   620 | D:2      | Noticed Jessica
   630 | D:2      | Killed Jessica
   631 | D:2      | Reached XP level 4. HP: 22/29 MP: 4/4
  1179 | D:3      | Found a sparkling altar of Nemelex Xobeh.
  1397 | D:3      | Reached skill level 4 in Fighting
  1495 | D:3      | Noticed Robin
  1526 | D:3      | Killed Robin
  1527 | D:3      | Reached XP level 5. HP: 32/33 MP: 5/5
  2026 | D:3      | Found a runed translucent gate.
  2026 | D:3      | Found a runed translucent gate.
  2029 | D:3      | Noticed CraigOfTheCreek's ghost (weakling GnBe)
  2030 | D:3      | Found a runed translucent gate.
  2030 | D:3      | Noticed a kobold brigand
  2211 | D:3      | Slain by a kobold

Illustrated notes

Levels and vault maps discovered:
D:1:      dpeg_arrival_orchard, layout_rooms
D:2:      layout_loops_ring, minmay_misc_feat_secret_circle, uniq_jessica
D:3:      layout_loops_corners, nicolae_overflow_hidden_temple,
          mainiacjoe_overflow_surrounded_room, gammafunk_ghost_nasty_kobolds,
          kennysheep_generic_room_13, uniq_robin

Skill      XL: |  1  2  3  4 |
---------------+-------------+-----
Axes           | 2 3 |  3.6
Fighting       | 4 |  4.0
Armour         | |  3.7
Shields        | |  3.8

Action                   |  1- 3 |  4- 6 || total
-------------------------+-------+-------++-------
Melee: War axe           |    81 |    61 ||   142
  Use: Scroll            |       |     7 ||     7
Armor: Scale mail        |    18 |       ||    18
       Crystal plate arm |    39 |    74 ||   113
Dodge: Dodged            |    21 |     4 ||    25
Block: Buckler           |    16 |    11 ||    27

Table legend: (Time is in decaauts)
 A = Elapsed time spent in this place.
 B = Non-inter-level travel time spent in this place.
 C = Inter-level travel time spent in this place.
 D = Time resting spent in this place.
 E = Time spent auto-exploring this place.
 F = Levels seen in this place.
 G = Mean time per level.
                   A        B        C        D        E       F      G
               +--------+--------+--------+--------+--------+-----+--------+
         Total |   2274 |   2265 |      9 |      0 |   1843 |   3 |  758.0 |
       Dungeon |   2274 |   2265 |      9 |      0 |   1843 |   3 |  758.0 |
               +--------+--------+--------+--------+--------+-----+--------+

Top non-repeatable levels by time:
     D:3: 1072 daAuts
     D:2: 652 daAuts
     D:1: 549 daAuts
